 Dungeon Crawl Stone Soup version 0.29.1-12-g30fa7ad0bf (webtiles) character file.

Game seed: 2986123337982711838

167 GigaChad the Chopper (level 5, -9/46 HPs)
             Began as a Minotaur Fighter on Jan 15, 2023.
             Killed by divine providence
             ... invoked by an orc priest
              (13 damage)
             ... on level 3 of the Dungeon.
             The game lasted 00:07:26 (2667 turns).

GigaChad the Chopper (Minotaur Fighter)             Turns: 2667, Time: 00:07:27

Health: -9/46      AC:  7    Str: 23    XL:     5   Next: 23%
Magic:  4/4        EV: 10    Int:  5    God:
Gold:   147        SH:  4    Dex:  9    Spells: 4/4 levels left

rFire   . . .      SeeInvis .   a - +0 war axe
rCold   . . .      Faith    .   c - +0 buckler
rNeg    . . .      Spirit   .   b - +0 scale mail
rPois   .          Reflect  .   (helmet restricted)
rElec   .          Harm     .   (no cloak)
rCorr   .          Rampage  .   (no gloves)
Will    .....                   (no boots)
Stlth   ..........              (no amulet)
HPRegen 0.15/turn               (no ring)
MPRegen 0.09/turn               (no ring)

@: no status effects
A: horns 2, retaliatory headbutt
a: no special abilities


You were on level 3 of the Dungeon.
You visited 1 branch of the dungeon, and saw 3 of its levels.

You collected 147 gold pieces.

Inventory:

Hand Weapons
 a - a +0 war axe (weapon)
 r - a +4 club
Missiles
 k - 2 throwing nets (quivered)
Armour
 b - a +0 scale mail (worn)
 c - a +0 buckler (worn)
 o - the +1 helmet of Padecani {Str+6 Slay-3 Stlth+}
   (You found it on level 2 of the Dungeon)

   Str:       It affects your strength (+6).
   Slay:      It affects your accuracy & damage with ranged weapons and melee
   (-3).
   Stlth:     It makes you more stealthy.
Wands
 q - a wand of iceblast (6)
Scrolls
 f - 5 scrolls of identify {unknown}
 g - a scroll of teleportation {unknown}
 h - a scroll of enchant weapon {unknown}
 j - a scroll of fog {unknown}
 l - a scroll of blinking {unknown}
 m - a scroll of immolation {unknown}
 p - a scroll of magic mapping {unknown}
 t - a scroll of acquirement {unknown}
Potions
 d - a potion of might
 e - 4 potions of ambrosia {unknown}
 i - a potion of curing {unknown}
 n - a potion of cancellation {unknown}
 s - a potion of resistance {unknown}
 u - a potion of brilliance {unknown}


   Skills:
 + Level 4.1 Fighting
 + Level 4.6 Axes
 + Level 4.5 Armour
 + Level 2.1 Dodging
 + Level 0.3 Stealth
 + Level 3.9 Shields


You had 4 spell levels left.
You didn't know any spells.
Your spell library contained the following spells:

 Spells                   Type           Power      Damage    Failure   Level
 Necrotise                Necr           0%         1d4       86%         1
 Summon Small Mammal      Summ           0%         N/A       86%         1
 Sublimation of Blood     Necr           0%         N/A       95%         2
 Wereblood                Tmut           0%         N/A       95%         2
 Call Canine Familiar     Summ           0%         N/A       99%         3
 Summon Guardian Golem    Hex/Summ       0%         N/A       99%         3
 Vampiric Draining        Necr           0%         2d6       99%         3
 Animate Dead             Necr           0%         N/A       100%        4
 Agony                    Necr           0%         N/A       100%        5
 Borgnjor's Vile Clutch   Necr/Erth      0%         N/A       100%        5
 Death Channel            Necr           0%         N/A       100%        6
 Summon Hydra             Summ           0%         N/A       100%        7


Dungeon Overview and Level Annotations

Branches:
Dungeon (3/15)

Altars:

Shops:
D:1 (   D:3 =


Innate Abilities, Weirdness & Mutations

You have a pair of horns on your head.
You reflexively headbutt those who attack you in melee.


Message History

You completely miss the orc. You closely miss the orc wizard.
The orc hits you with a +0 hand axe. The orc wizard casts a spell at you.
You are more confused.
The orc wizard barely misses you. The orc closely misses you.
The orc attacks as you move away! The orc hits you with a +0 hand axe.
You bump into the rock wall.
The orc barely misses you.
The orc wizard hits you but does no damage.
The orc priest attacks as you move away!
The orc priest closely misses you.
There is an open door here.
You bump into the rock wall.
The orc priest hits you with a +0 flail.
The orc hits you but does no damage. The orc wizard closely misses you.
The orc priest attacks as you move away!
The orc priest hits you with a +0 flail.
The orc wizard mumbles some strange words.
The orc wizard flickers and vanishes!
Deactivating autopickup; reactivate with Ctrl-A.
You bump into the rock wall.
The orc priest invokes the aid of Beogh against you.
Pain shoots through your body!
You miss the orc priest.
You bump into the rock wall.
You're too confused to move!
You feel less confused. The orc barely misses you.
The orc priest calls down the wrath of Beogh upon you.
Beogh smites you!
* * * LOW HITPOINT WARNING * * *
You closely miss the orc. The orc closely misses you.
The orc priest casts a cantrip, but nothing happens.
The orc closely misses you.
You closely miss the orc. The orc hits you with a +0 hand axe.
* * * LOW HITPOINT WARNING * * *
You completely miss the orc. You block the orc's attack.
You closely miss the orc. The orc closely misses you.
The orc priest invokes the aid of Beogh against you.
Beogh smites you!
You die...

#.# ## ##### #.#
..... #.#
#######..... #.#
#........... #.#
#........... #.#
#........... #.#
#...........
#.###...........
#..@oo)..)......
#####{.........(
#...........
#......##...
#.......# ..
#.##....# .
#.##.#### #.##.#


You could see an orc priest and an orc.

Vanquished Creatures
  Ijyb (D:3)
  Terence (D:2)
  4 gnolls (D:3)
  An adder (D:2)
  3 worms (D:3)
  A dart slug (D:1)
  4 orcs (D:3)
  4 ball pythons
  2 bats (D:3)
  4 endoplasms
  4 giant cockroaches
  4 hobgoblins
  3 jackals (D:3)
  2 kobolds (D:1)
  A quokka (D:2)
  2 frilled lizards (D:1)
  8 goblins
  4 rats
53 creatures vanquished.

Notes
Turn   | Place    | Note
-------+----------+-------------------------------------------
     0 | D:1      | GigaChad the Minotaur Fighter began the quest for the Orb.
     0 | D:1      | Reached XP level 1. HP: 19/19 MP: 0/0
   102 | D:1      | Found Ugiduam's Antique Weapon Emporium.
   235 | D:1      | Reached XP level 2. HP: 22/27 MP: 1/1
   430 | D:1      | Found a faded altar of an unknown god.
   688 | D:1      | Reached skill level 1 in Dodging
   762 | D:2      | Noticed Terence
   773 | D:2      | Killed Terence
   774 | D:2      | Reached XP level 3. HP: 9/33 MP: 2/2
  1404 | D:2      | Identified the +1 helmet of Padecani {Str+6 Slay-3 Stlth+}
  1815 | D:3      | Reached XP level 4. HP: 39/40 MP: 3/3
  1830 | D:3      | Noticed Ijyb
  1837 | D:3      | Killed Ijyb
  2072 | D:3      | Found Somaleish's Jewellery Boutique.
  2389 | D:3      | Reached XP level 5. HP: 27/46 MP: 4/4
  2642 | D:3      | Identified the +1 plate armour "Etomuop" {Harm}
  2667 | D:3      | Killed from afar by an orc priest

Illustrated notes

Levels and vault maps discovered:
D:1:      evilmike_arrival_rings, layout_basic,
          shapermc_ecumenical_altar_flowoftime, serial_shops,
          nicolae_shop_overgrown_old_shop
D:2:      layout_basic, uniq_terence
D:3:      layout_basic, serial_shops,
          nicolae_shop_temple_entry_statues_fountains,
          minmay_misc_feat_ornament, nicolae_wormholes, uniq_ijyb

Skill      XL: |  1  2  3  4  5 |
---------------+----------------+-----
Dodging        | 1 2 |  2.1
Axes           | 3 4 |  4.6
Armour         | 4 |  4.5
Fighting       | 4 |  4.1
Stealth        | |  0.3
Shields        | |  3.9

Action                   |  1- 3 |  4- 6 || total
-------------------------+-------+-------++-------
Melee: War axe           |    56 |    57 ||   113
       Headbutt          |     5 |     6 ||    11
Armor: Scale mail        |    32 |    27 ||    59
Dodge: Dodged            |    33 |    44 ||    77
Block: Buckler           |     5 |    10 ||    15
